 Dungeon Crawl Stone Soup version 0.27-a0-1136-g0b992a5a9d (webtiles) character file.

Game seed: 6564814869185491330

65 NateTC the Sneak (level 3, -9/19 HPs)
             Began as a Spriggan Monk on May 5, 2021.
             Killed by nerve-wracking pain
             ... invoked by Jessica
              (10 damage)
             ... on level 2 of the Dungeon.
             The game lasted 00:13:32 (2519 turns).

NateTC the Sneak (Spriggan Monk)                    Turns: 2519, Time: 00:13:33

Health: -9/19      AC:  2    Str:  7    XL:     3   Next: 94%
Magic:  4/4        EV: 20    Int: 11    God:
Gold:   82         SH:  0    Dex: 24    Spells: 2/2 levels left

rFire    . . .     SeeInvis +   a - +0 short sword
rCold    . . .     Faith    .   (shield restricted)
rNeg     . . .     Spirit   .   b - +0 robe
rPois    .         Reflect  .   (helmet restricted)
rElec    .         Harm     .   (no cloak)
rCorr    .         Rampage  .   (gloves unavailable)
Will     .....                  (boots unavailable)
Stlth    ++++......             (no amulet)
HPRegen  0.06/turn              c - +6 ring of dexterity
MPRegen  0.09/turn              (no ring)

@: very quick
A: very small, no large weapons, unfitting armour, see invisible, speed 3
a: no special abilities


You were on level 2 of the Dungeon.
You visited 1 branch of the dungeon, and saw 2 of its levels.

You collected 82 gold pieces.

Inventory:

Hand Weapons
 a - a +0 short sword (weapon)
 e - a +0 dagger
Armour
 b - a +0 robe (worn)
Jewellery
 c - a +6 ring of dexterity (left hand)
Scrolls
 d - a scroll of identify {unknown}


   Skills:
 - Level 2.4 Fighting
 + Level 4.0 Short Blades
 - Level 4.0 Dodging
 * Level 5.8 Stealth


You had 2 spell levels left.
You didn't know any spells.
Your spell library contained the following spells:

 Spells                   Type           Power      Damage    Failure   Level
 Conjure Flame            Conj/Fire      0%         6-21      71%         3
 Ignite Poison            Fire/Tmut/Pois 0%         N/A       71%         3
 Mephitic Cloud           Conj/Pois/Air  0%         N/A       71%         3
 Irradiate                Conj/Tmut      0%         3d13      100%        5
 Iron Shot                Conj/Erth      0%         9d1       100%        6


Dungeon Overview and Level Annotations

Branches:
Dungeon (2/15)

Altars:

Shops:
D:1 *

Annotations:
D:2 Jessica


Innate Abilities, Weirdness & Mutations

You are very small and have problems with some larger weapons.
You are too small for most types of armour.
You have supernaturally acute eyesight. (SInv)
You cover ground extremely quickly. (Speed+++)


Message History

Jessica barely misses you.
You hit Jessica.
Jessica is heavily wounded.
Jessica gestures at you while chanting. Pain shoots through your body!
You hit Jessica.
Jessica is heavily wounded.
Jessica hits you with a +0 club.
You hit Jessica but do no damage.
Jessica is heavily wounded.
Jessica drinks a potion.
Jessica is healed!
You barely miss Jessica.
Jessica mumbles some strange words.
Jessica seems to speed up.
You closely miss Jessica. Jessica says, "Why did you come here?"
Jessica closely misses you.
You hit Jessica.
Jessica is heavily wounded.
Jessica misses you.
You closely miss Jessica.
Jessica is heavily wounded.
Jessica hits you with a +0 club. Jessica completely misses you.
You hit Jessica but do no damage.
Jessica is heavily wounded.
Jessica misses you.
You hit Jessica.
Jessica is almost dead.
Jessica hits you with a +0 club!
* * * LOW HITPOINT WARNING * * *
You closely miss Jessica.
Jessica is almost dead.
Jessica hits you but does no damage.
Jessica points at you and mumbles some strange words.
You struggle to resist.
You aren't carrying any potions.
Jessica casts a spell at you. Pain shoots through your body!
Ouch! That really hurt!
You die...

.KB...# #.......#
+.###.#
......####.......# #..
#.# .#+#.......#####.#
## #.# .#
.............# #.# ##
........#############.#
......................#
............###########
............# ########
###........@# #.......
#......@..# #.......
#.........# #.......
..##...#..##
#######....... ..
#.#..... ..............
#.#.#### ...#..........
.. #.......... ##
#...†###### ###..#


You could see Jessica (fast).

Vanquished Creatures
  A hound skeleton (D:2)
  An adder (D:2)
  An adder zombie (D:2)
  5 ball pythons
  8 endoplasms
  4 giant cockroaches (D:1)
  2 quokkas (D:1)
  A ball python skeleton (D:2)
  2 bats (D:1)
  8 frilled lizards (D:1)
  2 kobolds (D:1)
  5 rats
40 creatures vanquished.

Vanquished Creatures (others)
  A withered plant (D:2)
1 creature vanquished.

Grand Total: 41 creatures vanquished

Notes
Turn   | Place    | Note
-------+----------+-------------------------------------------
     0 | D:1      | NateTC the Spriggan Monk began the quest for the Orb.
     0 | D:1      | Reached XP level 1. HP: 11/11 MP: 2/2
    19 | D:1      | Found a faded altar of an unknown god.
   344 | D:1      | Reached XP level 2. HP: 15/16 MP: 3/3
   399 | D:1      | Reached skill level 4 in Stealth
   418 | D:1      | Found Mafem's General Store.
   778 | D:1      | Reached XP level 3. HP: 17/19 MP: 4/4
   928 | D:1      | Reached skill level 5 in Stealth
  1336 | D:2      | Identified Afitehub's Compendium of Flames and
                  | Confrontation
  2097 | D:2      | Noticed Jessica
  2519 | D:2      | Killed from afar by Jessica

Illustrated notes

Levels and vault maps discovered:
D:1:      dpeg_arrival_ternary, layout_basic, serial_shops, shop,
          chequers_ecumenical_altar_simple, nrook_mini_backslash,
          minmay_misc_feat_four_crosses, chequers_serial_rivers_micro_d,
          minmay_lizard_pond
D:2:      layout_basic, serial_undead, serial_undead_e, serial_undead_e,
          serial_undead_c, serial_undead_d, eino_tiny_chamber,
          minmay_misc_feat_alley, amcnicky_mini_corridor_feature,
          chequers_jeans, uniq_jessica

Skill      XL: |  1  2  3 |
---------------+----------+-----
Stealth        | 4 5 |  5.8
Short Blades   | 4 |  4.0
Fighting       | |  2.4
Dodging        | |  4.0

Action                   || total
-------------------------++-------
Melee: Short sword       ||   159
  Use: Scroll            ||     2
 Stab: Sleeping          ||    12
       Distracted        ||     1
Armor: Robe              ||    10
Dodge: Dodged            ||   121

Table legend: (Time is in decaauts)
 A = Elapsed time spent in this place.
 B = Non-inter-level travel time spent in this place.
 C = Inter-level travel time spent in this place.
 D = Time resting spent in this place.
 E = Time spent auto-exploring this place.
 F = Levels seen in this place.
 G = Mean time per level.
                   A        B        C        D        E       F      G
               +--------+--------+--------+--------+--------+-----+--------+
         Total |   1984 |   1971 |     13 |    994 |    236 |   2 |  992.0 |
       Dungeon |   1984 |   1971 |     13 |    994 |    236 |   2 |  992.0 |
               +--------+--------+--------+--------+--------+-----+--------+

Top non-repeatable levels by time:
     D:2: 1167 daAuts
     D:1: 817 daAuts
